Map: Frozen Temple

Players

Miszu - Winner!

  • Race: Terran Terran
  • League: Master

JmaC

  • Race: Zerg Zerg
  • League: Master

VOD

Have the link to the VOD?

Description

Time

  • Played on: June 28, 2016, 7:53 a.m.
  • Length: 12:36
Show
View Real Time Build Order
Export as new Build Order

Miszu Terran - Winner!

Build Orders: Reaper Expand, MMM Bio 

Get SALT Encoding   

  12  0:00  SCV  
  13  0:13  SCV  
  14  0:18  Supply Depot  
  14  0:25  SCV  
  15  0:39  SCV  
  15  0:42  Barracks  
  16  0:44  Refinery  
  16  0:51  SCV  
  17  1:03  SCV  
  18  1:16  SCV  
  19  1:29  Orbital Command  
  19  1:30  Reaper  
  20  1:43  Command Center  
  20  1:51  Supply Depot  
  20  1:54  SCV  
  21  2:06  Refinery, SCV  
  21  2:07  Barracks Reactor  
  22  2:19  SCV  
  22  2:22  Factory  
  23  2:31  SCV  
  24  2:43  SCV  
  25  2:44  Marine x2  
  27  2:55  SCV, Orbital Command  
  28  3:07  SCV  
  28  3:08  Marine  
  28  3:09  Marine  
  28  3:11  Starport  
  28  3:12  Factory Reactor  
  31  3:19  SCV  
  32  3:22  Supply Depot  
  32  3:24  SCV  
  33  3:28  Marine  
  33  3:29  Marine  
  33  3:31  SCV  
  35  3:35  Bunker  
  35  3:36  SCV  
  36  3:43  SCV  
  36  3:46  Marine x2  
  36  3:48  SCV  
  39  3:55  SCV  
  39  3:56  Medivac x2, Widow Mine  
  39  4:01  SCV  
  47  4:04  Marine  
  47  4:07  Supply Depot, SCV  
  49  4:11  Liberator  
  49  4:13  SCV  
  49  4:14  Marine  
  49  4:15  Liberator  
  51  4:20  SCV  
  53  4:25  SCV  
  57  4:32  SCV  
  57  4:34  Supply Depot  
  62  4:38  SCV  
  62  4:42  Command Center  
  62  4:44  SCV  
  62  4:45  Refinery  
  62  4:46  Refinery  
  62  4:48  Factory Tech Lab  
  62  4:55  SCV  
  62  4:56  SCV  
  64  5:03  Engineering Bay  
  64  5:04  Engineering Bay  
  64  5:10  Marine x2  
  64  5:11  SCV  
  62  5:19  SCV  
  62  5:20  Siege Tank  
  66  5:23  SCV  
  66  5:25  Barracks  
  66  5:26  Barracks  
  67  5:28  Supply Depot  
  67  5:31  Terran Infantry Weapons Level 1, Terran Infantry Armor Level 1  
  67  5:33  SCV  
  68  5:36  Supply Depot  
  68  5:49  Marine x2  
  70  5:54  SCV x2  
  72  6:02  Supply Depot  
  72  6:06  Siege Tank  
  72  6:08  Orbital Command  
  72  6:10  SCV  
  72  6:11  SCV  
  77  6:12  Barracks  
  77  6:13  Barracks  
  77  6:21  Barracks Tech Lab x2  
  77  6:23  SCV  
  78  6:28  Barracks  
  78  6:30  Barracks, Armory  
  78  6:31  Barracks  
  78  6:32  SCV  
  79  6:35  Orbital Command  
  79  6:39  Marine  
  79  6:40  Marine x3  
  79  6:41  Combat Shields  
  79  6:42  Stimpack  
  79  6:44  SCV  
  79  6:45  SCV  
  85  6:51  Supply Depot x2  
  85  6:57  SCV  
  87  7:01  SCV x2  
  87  7:07  Marine  
  86  7:09  Barracks Reactor, SCV  
  86  7:10  Barracks Reactor  
  86  7:12  Medivac  
  86  7:13  SCV x2  
  91  7:18  Bunker, Barracks Tech Lab, Marauder  
  91  7:19  Barracks Reactor, Barracks Tech Lab  
  91  7:21  Medivac  
  95  7:23  SCV  
  95  7:25  SCV  
  94  7:31  Marine x2, Marauder  
  94  7:35  Refinery  
  98  7:38  Supply Depot  
  98  7:39  Marine x2  
  98  7:40  Marauder  
  98  7:42  Medivac  
  104  7:45  Supply Depot  
  104  7:46  Marine x2  
  104  7:47  Marine  
  104  7:48  Marine  
  108  7:53  Marauder  
  108  7:54  Widow Mine  
  108  7:56  Terran Infantry Armor Level 2  
  108  7:57  Marauder x2  
  116  7:58  Terran Infantry Weapons Level 2  
  116  8:01  Marine, Marauder  
  116  8:02  Marine  
  116  8:03  Marine  
  116  8:05  Marine x2  
  122  8:06  Marine  
  122  8:07  Marine  
  122  8:10  Marine  
  126  8:13  Medivac  
  126  8:14  Marauder  
  126  8:19  Marine, Marauder x2  
  135  8:20  Marine  
  135  8:21  Marine, Concussive Shells  
  135  8:23  Supply Depot  
  135  8:25  Supply Depot  
  137  8:28  Marine  
  137  8:29  Marine x3  
  141  8:45  Marauder  
  143  8:50  Marine x4, Marauder  
  143  8:51  Marine x6  
  143  8:52  Medivac  
  125  9:06  Marine  
  125  9:08  Marine x3  
  125  9:09  Marauder x2  
  132  9:10  Liberator  
  132  9:11  Liberator  
  132  9:12  Command Center  
  132  9:13  Marauder  
  134  9:17  Factory Reactor  
  134  9:23  Marine  
  135  9:24  Marauder  
  135  9:27  Missile Turret  
  135  9:30  Starport  
  143  9:35  Marine, Marauder x2  
  144  9:53  Marine x8, Marauder x2, Liberator x2  
  144  9:56  Marine  
  144  9:57  Supply Depot  
  157  10:02  Supply Depot, Marauder  
  159  10:07  Supply Depot  
  159  10:09  Starport Reactor  
  165  10:18  Marine  
  158  10:32  Widow Mine x2  
  158  10:33  Marine, Marauder x3, Liberator x2  
  171  10:38  Marine x4  
  171  10:39  Marine  
  179  11:02  SCV  
  180  11:10  Liberator  
  180  11:13  Marauder  
  180  11:15  Missile Turret  
  180  11:16  Liberator  
  153  11:21  Marine  
  153  11:22  Marine x9, Marauder  
  160  11:34  Marine  
  160  11:39  Marine  
  164  11:40  Marine x2  
  164  11:45  Marine, Marauder  
  138  11:47  Marine x2  
  138  11:48  Marine x4  
  138  11:51  Marine  
  138  11:57  Marine x3  
  138  11:59  Medivac x2  
  141  12:03  Marine  
  141  12:05  Marine x3  
  141  12:06  Marauder x2  
  149  12:12  Marine  
  149  12:13  Marine, Marauder  
  149  12:15  Marine x2  
Show
View Real Time Build Order
Export as new Build Order

JmaC Zerg 

Build Orders: Hatch First, Muta Ling Bane 

Get SALT Encoding   

  12  0:00  Drone  
  13  0:12  Overlord  
  13  0:17  Drone  
  14  0:31  Drone x2  
  14  0:35  Drone  
  17  0:56  Hatchery  
  16  1:02  Drone x2  
  18  1:09  Extractor  
  18  1:11  Drone  
  18  1:22  Spawning Pool  
  18  1:25  Drone  
  18  1:34  Drone  
  19  1:43  Drone  
  19  1:50  Overlord  
  19  2:09  Queen x2  
  19  2:11  Zergling x4  
  19  2:13  Metabolic Boost  
  25  2:16  Drone  
  25  2:19  Drone  
  27  2:23  Drone  
  28  2:30  Drone  
  29  2:37  Drone  
  29  2:38  Extractor  
  30  2:49  Drone  
  30  2:50  Baneling Nest  
  30  2:56  Overlord  
  31  3:18  Drone x7  
  37  3:28  Queen, Hatchery  
  38  3:34  Drone x3  
  38  3:40  Baneling Nest  
  40  3:46  Overlord  
  40  3:52  Drone x4  
  44  3:58  Overlord  
  44  3:59  Overlord  
  44  4:08  Queen  
  44  4:09  Extractor, Queen  
  47  4:19  Drone x5  
  47  4:20  Drone  
  47  4:24  Zergling x4  
  55  4:25  Zergling x2  
  55  4:30  Spore Crawler  
  55  4:34  Zergling x6  
  55  4:35  Zergling x2  
  59  4:42  Queen  
  59  4:44  Zergling x4  
  63  4:52  Drone x2, Evolution Chamber  
  64  4:53  Evolution Chamber  
  64  4:54  Drone  
  64  4:57  Zergling x2  
  63  5:12  Drone x4  
  66  5:19  Drone x3  
  69  5:22  Zerg Melee Weapons Level 1, Zerg Ground Armor Level 1  
  69  5:29  Overlord  
  69  5:30  Drone x4  
  69  5:31  Overlord  
  73  5:41  Spore Crawler  
  72  5:44  Drone  
  72  5:45  Overlord  
  67  6:10  Lair  
  66  6:16  Drone x3  
  68  6:19  Extractor  
  68  6:20  Overlord x2, Drone  
  68  6:21  Drone x11  
  79  6:27  Overlord  
  78  6:46  Drone x2  
  78  6:47  Drone x3  
  82  6:48  Zergling x8  
  82  6:49  Extractor  
  82  6:52  Extractor  
  82  6:53  Extractor  
  84  6:59  Zergling x10  
  89  7:11  Pneumatized Carapace  
  89  7:19  Drone x4  
  89  7:22  Zerg Ground Armor Level 2, Zerg Melee Weapons Level 2  
  93  7:23  Centrifical Hooks  
  93  7:24  Drone  
  93  7:25  Drone x2  
  93  7:26  Spire  
  95  7:31  Overseer  
  95  7:32  Overseer x2  
  95  7:39  Zergling x16  
  95  7:42  Overlord x2  
  103  7:46  Zergling x2, Drone  
  103  7:49  Drone  
  106  7:53  Zergling x6, Hatchery  
  108  8:00  Zergling x6  
  111  8:15  Overlord  
  111  8:16  Overlord  
  111  8:19  Zergling x14  
  118  8:21  Infestation Pit  
  117  8:27  Zergling x8  
  117  8:29  Baneling x9  
  117  8:30  Baneling x22  
  117  8:33  Zergling x4  
  122  8:36  Overlord  
  122  8:37  Mutalisk  
  122  8:40  Mutalisk  
  126  8:48  Zergling x2  
  126  8:49  Zergling x6  
  126  8:55  Zergling x16  
  119  9:06  Mutalisk  
  119  9:07  Mutalisk x3  
  127  9:13  Drone  
  128  9:18  Mutalisk x3  
  134  9:26  Overlord  
  134  9:28  Overlord, Zergling x4  
  134  9:30  Baneling x3  
  134  9:31  Baneling x8  
  136  9:35  Drone x2  
  135  9:49  Zergling x26  
  135  9:50  Zergling x2  
  149  9:57  Hive, Drone  
  149  9:58  Drone x2  
  152  10:04  Zergling x2  
  153  10:08  Zergling x2  
  153  10:09  Zergling x10  
  157  10:29  Hatchery  
  157  10:31  Drone x7  
  157  10:32  Drone x3  
  157  10:34  Extractor x2, Drone x2  
  166  10:37  Zergling x6, Spine Crawler  
  166  10:38  Spine Crawler x2  
  167  10:42  Zergling x2  
  167  10:43  Zergling x4  
  167  10:46  Baneling  
  157  11:00  Corruptor x7  
  157  11:01  Corruptor  
  170  11:18  Zergling x16  
  140  11:19  Zergling x14  
  140  11:25  Baneling x8  
  138  11:26  Ultralisk Cavern  
  138  11:28  Overlord  
  128  11:45  Zergling x2  
  128  11:46  Zergling x22  
  122  11:52  Zergling x2  
  122  11:53  Zergling x12  
  109  12:02  Zergling x8  
  109  12:05  Baneling x6  
  109  12:06  Baneling x4  
  109  12:07  Baneling  
  112  12:17  Extractor  
  112  12:18  Extractor  
Tags
 
Add a new tag
Caveats
  • Supply blocks, unpowered buildings, or Contaminate may cause inaccurate times.
  • Supply counts are checked every 10 seconds.